UAA
PAYNESVILLE PYRAMIDS @ CHESAPEAKE CONTINENTALS
08/25/2017
 
TOP OF THE 1ST
Paynesville Pyramids batting - Pitching for Chesapeake Continentals : RHP Jim Unknown
Pitching: RHP Jim Unknown
Batting: RHB Elvis Larson 0-0: Ball
1-0: Ball
2-0: Called Strike
2-1: Ground out 4-3 (Groundball, 4)
Batting: RHB Bob Curry 0-0: Foul Ball, location: 2F
0-1: Foul Ball, location: 2F
0-2: Reached on error, E3 (Groundball, 3L)
Batting: RHB Karl Schultz 0-0: Ball
1-0: Hit by Pitch
Bob Curry to second
Batting: LHB Bob Davis 0-0: Foul Ball, location: 2F
0-1: Ball
1-1: Called Strike
1-2: Strikes out swinging
Batting: LHB Ron Lee 0-0: Foul Ball, location: 2F
0-1: Ball
1-1: Ball
2-1: SINGLE (Line Drive, 8LS)
Bob Curry to third
Karl Schultz to second
Runner from 3rd tries for Home, SAFE, no throw or cutoff
Batting: RHB Bill Dennis 0-0: Swinging Strike
0-1: Called Strike
0-2: Ball
1-2: Ball
2-2: Strikes out swinging
Top of the 1st over - 1 run(s), 1 hit(s), 1 error(s), 2 left on base; Paynesville 1 - Chesapeake 0
BOTTOM OF THE 1ST
Chesapeake Continentals batting - Pitching for Paynesville Pyramids : LHP Jeffery Schmidt
Pitching: LHP Jeffery Schmidt
Batting: RHB Gustavo Varela 0-0: Swinging Strike
0-1: Foul Ball, location: 2F
0-2: Foul Ball, location: 2F
0-2: Strikes out swinging
Batting: RHB Roger Lakes 0-0: Ball
1-0: SINGLE (Line Drive, 4MD)
Batting: RHB Brandon Reed 0-0: Called Strike
0-1: Ball
1-1: Ball
2-1: Called Strike
2-2: Ball
3-2: Foul Ball, location: 2F
3-2: Fly out, F8 (Line Drive, 8LS)
3-2: Fly out, F8 (Line Drive, 8LS)
Batting: LHB John Robertson 0-0: Swinging Strike
0-1: Called Strike
0-2: Strikes out looking
Bottom of the 1st over - 0 run(s), 1 hit(s), 0 error(s), 1 left on base; Paynesville 1 - Chesapeake 0
TOP OF THE 2ND
Paynesville Pyramids batting - Pitching for Chesapeake Continentals : RHP Jim Unknown
Batting: RHB Jesús García 0-0: Ball
1-0: Swinging Strike
1-1: Ball
2-1: Called Strike
2-2: Strikes out looking
Batting: RHB William Gaines 0-0: Ball
1-0: Ball
2-0: Swinging Strike
2-1: Ball
3-1: Called Strike
3-2: Base on Balls
Batting: RHB Eddie O'Bryan 0-0: Ball
1-0: Called Strike
1-1: Ball
2-1: Foul Ball, location: 2F
2-2: Strikes out swinging
Batting: RHB Elvis Larson 0-0: Called Strike
0-1: Ball
1-1: Called Strike
1-2: Strikes out looking
Top of the 2nd over - 0 run(s), 0 hit(s), 0 error(s), 1 left on base; Paynesville 1 - Chesapeake 0
BOTTOM OF THE 2ND
Chesapeake Continentals batting - Pitching for Paynesville Pyramids : LHP Jeffery Schmidt
Batting: RHB Roy Williams 0-0: Ground out 5-3 (Groundball, 5D)
Batting: LHB Thomas Campbell 0-0: Foul Ball, location: 2F
0-1: Swinging Strike
0-2: Ball
1-2: Ball
2-2: SOLO HOME RUN (Flyball, 9LD), Distance : 349 ft
Batting: LHB Munemori Ohara 0-0: SINGLE (Groundball, 56D)
Batting: RHB Kirk Wells 0-0: Ball
Munemori Ohara steals 2nd base
1-0: Ground out 5-3 (Groundball, 56)
Batting: RHB Truman Bryant 0-0: Ball
1-0: Ball
2-0: Called Strike
2-1: Called Strike
2-2: Foul Ball, location: 2F
2-2: Ball
3-2: Foul Ball, location: 2F
3-2: Ground out 6-3 (Groundball, 6)
Bottom of the 2nd over - 1 run(s), 2 hit(s), 0 error(s), 1 left on base; Paynesville 1 - Chesapeake 1
TOP OF THE 3RD
Paynesville Pyramids batting - Pitching for Chesapeake Continentals : RHP Jim Unknown
Batting: RHB Bob Curry 0-0: Called Strike
0-1: Called Strike
0-2: Strikes out swinging
Batting: RHB Karl Schultz 0-0: Ball
1-0: Swinging Strike
1-1: Ball
2-1: Ground out 5-3 (Groundball, 5S)
Batting: LHB Bob Davis 0-0: Ball
1-0: SINGLE (Line Drive, 6D)
Batting: LHB Ron Lee 0-0: Swinging Strike
0-1: Foul Ball, location: 2F
0-2: Ground out 4-3 (Groundball, 4)
Top of the 3rd over - 0 run(s), 1 hit(s), 0 error(s), 1 left on base; Paynesville 1 - Chesapeake 1
BOTTOM OF THE 3RD
Chesapeake Continentals batting - Pitching for Paynesville Pyramids : LHP Jeffery Schmidt
Batting: RHB Gustavo Varela 0-0: Foul Ball, location: 2F
0-1: Called Strike
0-2: Ball
1-2: Ground out 6-3 (Groundball, 6S)
Batting: RHB Roger Lakes 0-0: Ball
1-0: Foul Ball, location: 2F
1-1: Swinging Strike
1-2: Foul Ball, location: 2F
1-2: Fly out, F9 (Flyball, 9LSF)
Batting: RHB Brandon Reed 0-0: DOUBLE (Flyball, 78D)
Batting: LHB John Robertson 0-0: SINGLE (Line Drive, 34)
Brandon Reed to third
Batting: RHB Roy Williams 0-0: Called Strike
0-1: Ball
1-1: Ball
2-1: Fly out, F9 (Flyball, 9M)
Bottom of the 3rd over - 0 run(s), 2 hit(s), 0 error(s), 2 left on base; Paynesville 1 - Chesapeake 1
TOP OF THE 4TH
Paynesville Pyramids batting - Pitching for Chesapeake Continentals : RHP Jim Unknown
Batting: RHB Bill Dennis 0-0: Swinging Strike
0-1: Ball
1-1: Called Strike
1-2: Foul Ball, location: 2F
1-2: Foul Ball, location: 2F
1-2: Ball
2-2: Foul Ball, location: 2F
2-2: Ball
3-2: Foul Ball, location: 2F
3-2: Base on Balls
Batting: RHB Jesús García 0-0: Swinging Strike
0-1: Ball
1-1: Called Strike
1-2: Strikes out swinging
Batting: RHB William Gaines 0-0: Ball
1-0: Ball
2-0: Grounds into double play, 6-4-3 (Groundball, 6)
Top of the 4th over - 0 run(s), 0 hit(s), 0 error(s), 0 left on base; Paynesville 1 - Chesapeake 1
BOTTOM OF THE 4TH
Chesapeake Continentals batting - Pitching for Paynesville Pyramids : LHP Jeffery Schmidt
Batting: LHB Thomas Campbell 0-0: Called Strike
0-1: Foul Ball, location: 2F
0-2: Ground out 4-3 (Groundball, 4)
Batting: LHB Munemori Ohara 0-0: Ball
1-0: Ball
2-0: Swinging Strike
2-1: Swinging Strike
2-2: Strikes out swinging
Batting: RHB Kirk Wells 0-0: Ball
1-0: Ball
2-0: Ground out 2-3 (Groundball, 23)
Bottom of the 4th over - 0 run(s), 0 hit(s), 0 error(s), 0 left on base; Paynesville 1 - Chesapeake 1
TOP OF THE 5TH
Paynesville Pyramids batting - Pitching for Chesapeake Continentals : RHP Jim Unknown
Batting: RHB Eddie O'Bryan 0-0: Ball
1-0: Ball
2-0: SINGLE (Line Drive, 78S)
Batting: RHB Elvis Larson 0-0: Ball
1-0: Bunted foul
1-1: Ball
2-1: Sac Bunt - play at first, batter OUT! 1-4
Eddie O'Bryan to second
Batting: RHB Bob Curry 0-0: Ball
1-0: Ball
2-0: Fly out, F9 (Flyball, 89S)
Batting: RHB Karl Schultz 0-0: Ball
1-0: Called Strike
1-1: Swinging Strike
1-2: Foul Ball, location: 2F
1-2: Strikes out looking
Top of the 5th over - 0 run(s), 1 hit(s), 0 error(s), 1 left on base; Paynesville 1 - Chesapeake 1
BOTTOM OF THE 5TH
Chesapeake Continentals batting - Pitching for Paynesville Pyramids : LHP Jeffery Schmidt
Batting: RHB Truman Bryant 0-0: Swinging Strike
0-1: Swinging Strike
0-2: Fly out, F7 (Flyball, 78S)
Batting: RHB Gustavo Varela 0-0: Called Strike
0-1: Ball
1-1: Ground out 1-3 (Groundball, 25)
Batting: RHB Roger Lakes 0-0: Ball
1-0: Foul Ball, location: 2F
1-1: Foul Ball, location: 2F
1-2: Ground out 5-3 (Groundball, 5)
Bottom of the 5th over - 0 run(s), 0 hit(s), 0 error(s), 0 left on base; Paynesville 1 - Chesapeake 1
TOP OF THE 6TH
Paynesville Pyramids batting - Pitching for Chesapeake Continentals : RHP Jim Unknown
Batting: LHB Bob Davis 0-0: Ball
1-0: Called Strike
1-1: Swinging Strike
1-2: Strikes out looking
Batting: LHB Ron Lee 0-0: Ball
1-0: Called Strike
1-1: Foul Ball, location: 2F
1-2: Ball
2-2: Ball
3-2: Foul Ball, location: 2F
3-2: Foul Ball, location: 2F
3-2: Base on Balls
Batting: RHB Bill Dennis 0-0: Ball
1-0: Fly out, F9 (Flyball, 9LD)
Batting: RHB Jesús García 0-0: Fly out, F8 (Flyball, 8RXD)
Top of the 6th over - 0 run(s), 0 hit(s), 0 error(s), 1 left on base; Paynesville 1 - Chesapeake 1
BOTTOM OF THE 6TH
Chesapeake Continentals batting - Pitching for Paynesville Pyramids : LHP Jeffery Schmidt
Batting: RHB Mike Peterson 0-0: Swinging Strike
0-1: SINGLE (Line Drive, 34)
Batting: LHB John Robertson 0-0: Ball
1-0: Ball
2-0: Swinging Strike
2-1: Ball
3-1: Called Strike
3-2: Foul Ball, location: 2F
3-2: Strikes out swinging
Batting: RHB Roy Williams 0-0: Fly out, F7 (Flyball, 7LD)
Batting: LHB Thomas Campbell 0-0: Called Strike
0-1: Foul Ball, location: 2F
0-2: Ball
1-2: Reached on error, E4 (Groundball, 4)
Mike Peterson to second
Batting: LHB Munemori Ohara 0-0: Ball
1-0: Called Strike
1-1: Fly out, F7 (Flyball, 7M)
Bottom of the 6th over - 0 run(s), 1 hit(s), 1 error(s), 2 left on base; Paynesville 1 - Chesapeake 1
TOP OF THE 7TH
Paynesville Pyramids batting - Pitching for Chesapeake Continentals : RHP Jim Unknown
Now in CF: Mike Peterson
Batting: RHB William Gaines 0-0: Fly out, F8 (Flyball, 78M)
Pinch Hitting: RHB Justin Miles 0-0: Ball
1-0: Ball
2-0: Ball
3-0: Called Strike
3-1: Swinging Strike
3-2: SINGLE (Groundball, 6MD)
Pitching: RHP Jim Unknown
Batting: RHB Elvis Larson 0-0: Ball
1-0: Called Strike
1-1: Foul Ball, location: 2F
1-2: DOUBLE (Flyball, 8RM)
Justin Miles to third
Runner from 3rd tries for Home, SAFE, throw made home
Pinch Hitting: RHB Todd Blake 0-0: Swinging Strike
0-1: Called Strike
0-2: Strikes out looking
Batting: RHB Karl Schultz 0-0: Ball
1-0: Ball
2-0: Ball
3-0: Base on Balls
Batting: LHB Bob Davis 0-0: Ball
1-0: Ball
2-0: 3-RUN HOME RUN (Flyball, 78XD), Distance : 421 ft
Batting: LHB Ron Lee 0-0: Called Strike
0-1: Swinging Strike
0-2: Foul Ball, location: 2F
0-2: Strikes out swinging
Top of the 7th over - 4 run(s), 3 hit(s), 0 error(s), 0 left on base; Paynesville 5 - Chesapeake 1
BOTTOM OF THE 7TH
Chesapeake Continentals batting - Pitching for Paynesville Pyramids : LHP Jeffery Schmidt
Now at 1B: Todd Blake
Now at SS: Glenn Woods
Batting: RHB Kirk Wells 0-0: Called Strike
0-1: Ball
1-1: DOUBLE (Line Drive, 3D)
Batting: RHB Truman Bryant 0-0: Ball
1-0: Ball
2-0: Called Strike
2-1: Foul Ball, location: 2F
2-2: Foul Ball, location: 2F
2-2: Ball
Pickoff Throw to Second - Error! E1
Kirk Wells to third
3-2: Foul Ball, location: 2F
3-2: Strikes out swinging
Pitching: LHP Pat Larson
Batting: RHB Gustavo Varela 0-0: Called Strike
0-1: Called Strike
0-2: Strikes out swinging
Batting: RHB Roger Lakes 0-0: Ball
1-0: Fly out, F9 (Flyball, 9S)
Bottom of the 7th over - 0 run(s), 1 hit(s), 1 error(s), 1 left on base; Paynesville 5 - Chesapeake 1
TOP OF THE 8TH
Paynesville Pyramids batting - Pitching for Chesapeake Continentals : RHP Jim Unknown
Pitching: RHP Terry Stokes
Batting: RHB Bill Dennis 0-0: Foul Ball, location: 2F
0-1: Ground out 2-3 (Groundball, 25)
Batting: RHB Jesús García 0-0: Ball
1-0: Called Strike
1-1: Called Strike
1-2: Ground out 5-3 (Groundball, 56)
Batting: RHB William Gaines 0-0: Fly out, F8 (Flyball, 8RM)
Top of the 8th over - 0 run(s), 0 hit(s), 0 error(s), 0 left on base; Paynesville 5 - Chesapeake 1
BOTTOM OF THE 8TH
Chesapeake Continentals batting - Pitching for Paynesville Pyramids : LHP Pat Larson
Batting: RHB Mike Peterson 0-0: Ball
1-0: Ball
2-0: SINGLE (Groundball, 3)
Batting: LHB John Robertson 0-0: Ball
1-0: Fly out, F7 (Flyball, 7M)
Batting: RHB Roy Williams 0-0: Ball
1-0: Called Strike
1-1: Foul Ball, location: 2F
1-2: Ball
2-2: Ball
3-2: Fly out, F6 (Popup, 56D)
Batting: LHB Thomas Campbell 0-0: Ball
1-0: Swinging Strike
1-1: DOUBLE (Groundball, 3L)
Mike Peterson to third
Runner from 3rd tries for Home, SAFE, no throw or cutoff
Batting: LHB Munemori Ohara 0-0: Called Strike
0-1: Ball
1-1: Ball
2-1: Ball
3-1: Ground out 4-3 (Groundball, 4)
Bottom of the 8th over - 1 run(s), 2 hit(s), 0 error(s), 1 left on base; Paynesville 5 - Chesapeake 2
TOP OF THE 9TH
Paynesville Pyramids batting - Pitching for Chesapeake Continentals : RHP Terry Stokes
Batting: RHB Glenn Woods 0-0: Called Strike
0-1: Ball
1-1: Ball
2-1: Called Strike
2-2: Strikes out looking
Batting: RHB Elvis Larson 0-0: Ball
1-0: Foul Ball, location: 2F
1-1: Ground out 4-3 (Groundball, 4)
Batting: RHB Todd Blake 0-0: Foul Ball, location: 2F
0-1: Called Strike
0-2: Ball
1-2: Ball
2-2: Foul Ball, location: 2F
2-2: Ground out 6-3 (Groundball, 6M)
Top of the 9th over - 0 run(s), 0 hit(s), 0 error(s), 0 left on base; Paynesville 5 - Chesapeake 2
BOTTOM OF THE 9TH
Chesapeake Continentals batting - Pitching for Paynesville Pyramids : LHP Pat Larson
Pitching: RHP Dwayne MacIntosh
Batting: RHB Kirk Wells 0-0: Called Strike
0-1: Swinging Strike
0-2: Ball
1-2: Ball
2-2: Ball
3-2: Strikes out swinging
Batting: RHB Truman Bryant 0-0: Called Strike
0-1: Swinging Strike
0-2: Ball
1-2: Strikes out swinging
Batting: RHB Gustavo Varela 0-0: Ball
1-0: Ball
2-0: Swinging Strike
2-1: Ground out 6-3 (Groundball, 6)
Bottom of the 9th over - 0 run(s), 0 hit(s), 0 error(s), 0 left on base; Paynesville 5 - Chesapeake 2
This league is powered by Out of the Park Baseball, the baseball management simulation game for PC, Mac and Linux
Saturday, February 27th, 2021 - OOTP Baseball 15.6 Build 34